 Dungeon Crawl Stone Soup version 0.21.1-1-g345015f (webtiles) character file.

680 diana the Ruffian (level 7, -5/54 HPs)
             Began as a Demonspawn Gladiator on June 18, 2018.
             Was an Initiate of Gozag.
             Slain by a wyvern (15 damage)
             ... on level 5 of the Dungeon.
             The game lasted 00:07:49 (4750 turns).

diana the Ruffian (Demonspawn Gladiator)            Turns: 4750, Time: 00:07:53

Health: -5/54      AC:  7    Str: 19    XL:     7   Next: 34%
Magic:  0/7        EV: 14    Int:  9    God:    Gozag
Gold:   285        SH:  0    Dex: 14    Spells: 6/6 levels left

rFire    . . .     SeeInvis .     - Unarmed
rCold    . . .     Gourm    .   (no shield)
rNeg     . . .     Faith    .   h - +1 robe {MR+}
rPois    .         Spirit   +   b - +0 helmet
rElec    .         Reflect  .   (no cloak)
rCorr    .         Harm     .   (no gloves)
MR       ++...     Rnd*Tele +   (no boots)
Stlth    +.........             (no amulet)
HPRegen  0.18/turn              (no ring)
MPRegen  0.10/turn              (no ring)

@: drained
A: hooves 2, yellow scales 2, demonic guardian 1, magic resistance 1, strong 1,
teleportitis 1, magic shield
a: Potion Petition, Call Merchant, Bribe Branch, Renounce Religion


You were on level 5 of the Dungeon.
You worshipped Gozag.
Gozag was aware of your devotion.
You were not hungry.

You visited 2 branches of the dungeon, and saw 7 of its levels.

You collected 340 gold pieces.
You paid 55 gold pieces to Gozag.

Inventory:

Missiles
 c - a throwing net (quivered)
 z - 7 javelins
Armour
 a - a +0 leather armour
 b - a +0 helmet (worn)
 h - a +1 robe of magic resistance (worn)
 y - a +0 buckler
Jewellery
 j - a +1 ring of slaying {unknown}
 r - a +2 ring of evasion {unknown}
Wands
 p - a wand of iceblast (11)
 t - a wand of polymorph (14)
Scrolls
 e - 5 scrolls of remove curse {unknown}
 f - 3 scrolls of identify {unknown}
 i - 4 scrolls of teleportation {unknown}
 l - 2 scrolls of fog {unknown}
 q - 2 scrolls of noise {unknown}
 A - a scroll of random uselessness {unknown}
Potions
 k - a potion of resistance {unknown}
 m - 2 potions of flight {unknown}
 n - 3 potions of curing {unknown}
 o - 2 potions of heal wounds {unknown}
 s - 2 potions of invisibility
 u - a potion of agility
 v - a potion of brilliance {unknown}
 w - a potion of haste {unknown}
 x - a potion of lignification {unknown}
Comestibles
 d - 10 rations


   Skills:
 + Level 4.0(3.7) Fighting
 - Level 1.7(1.5) Throwing
 + Level 3.0(2.7) Armour
 + Level 4.2(3.9) Dodging
 * Level 5.4(5.1) Unarmed Combat


You had 6 spell levels left.
You didn't know any spells.

Dungeon Overview and Level Annotations

Branches:
Dungeon (6/15)             Temple (1/1) D:4

Altars:
Cheibriados
Elyvilon
Gozag
Hepliaklqana
Kikubaaqudgha
Makhleb
Okawaru
Qazlal
Ru
Sif Muna
Uskayaw
Wu Jian
Xom
Yredelemnul
The Shining One

Annotations:
D:6 Blork the orc


Innate Abilities, Weirdness & Mutations

You have hoof-like feet.
You are mostly covered in yellow scales. (AC +3)
A weak demonic guardian rushes to your aid.
When hurt, damage is shared between your health and your magic reserves.
You are resistant to hostile enchantments. (MR+)
Your muscles are strong. (Str +2)
You are occasionally teleported next to monsters.


Message History

The wight hits you but does no damage. The wyvern barely misses you.
The wyvern closely misses you.
Things that are here:
a robe; a war axe The wyvern bites you but does no damage.
The wyvern bites your white imp!
Your white imp dies!
It was a potion of mutation.
You feel extremely strange.
You feel weirdly uncertain.
Your body twists and deforms.
You feel yourself wasting away.
You feel less in control of your magic. The wyvern barely misses you.
You feel extremely strange.
Your body's shape seems more normal.
You feel healthier.
You regain control of your magic.
Your feet thicken and deform.
You feel stronger.
You feel resistant to hostile enchantments.
The wyvern bites you!
You die...
Your body crumbles into a pile of gold.

#.####.#.## #.#....#.#.#.#######
#.#.......####.#....#.#.#.#..).#
#.#.##.#.......[.####...#.#.##.#
#.#.##.##.####.#..........#.##.#
#.#....#................#.#.##.#
#+####.........#.########......#
.....'.........z............#..#
....##......[..#l############..#
....#.........z#@#.......# #..#
....#.........##.#.#...#.# #..##
....#........z.#.#.#.#...# #....
....#..........#.#.#.#...####.###
....#.........>#.#.............#
..<.#..........#.############..#
#'#.#..........#.# #...........#
..#.#.##'#'###.#.# #.#########.#
###.#....#.# #.#.# #.....#.....#


You could see a wyvern and a wight.

Vanquished Creatures
  A sky beast (D:5)
  2 wights (D:5)
  A bullfrog zombie (D:5)
  An orc wizard (D:4)
  2 orc priests (D:4)
  An iguana (D:4)
  Ijyb (D:3)
  3 worker ants (D:4)
  A worker ant zombie (D:5)
  6 adders
  2 oozes
  An adder skeleton (D:4)
  2 worms
  2 dart slugs (D:1)
  5 leopard geckos
  5 orcs (D:4)
  6 giant cockroaches
  7 goblins
  9 hobgoblins
  6 jackals
  4 quokkas
  10 bats
  5 frilled lizards
  7 kobolds
  6 rats
96 creatures vanquished.

Vanquished Creatures (collateral kills)
  A centaur (D:5)
  An orc wizard (D:4)
  An iguana (D:2)
  An adder (D:4)
  4 orcs (D:4)
  2 jackals (D:5)
10 creatures vanquished.

Grand Total: 106 creatures vanquished

Notes
Turn   | Place    | Note
-------+----------+-------------------------------------------
     0 | D:1      | diana the Demonspawn Gladiator began the quest for the Orb.
     0 | D:1      | Reached XP level 1. HP: 16/16 MP: 1/1
   149 | D:1      | Reached skill level 3 in Unarmed Combat
   149 | D:1      | Gained mutation: You are partially covered in yellow scales. (AC +2) [demonic ancestry]
   149 | D:1      | Reached XP level 2. HP: 18/22 MP: 2/2
   413 | D:1      | Gained mutation: A weak demonic guardian rushes to your aid. [demonic ancestry]
   413 | D:1      | Reached XP level 3. HP: 27/28 MP: 3/3
   761 | D:2      | Reached skill level 1 in Armour
   993 | D:2      | Gained mutation: When hurt, damage is shared between your health and your magic reserves. [demonic ancestry]
   993 | D:2      | Reached XP level 4. HP: 28/34 MP: 4/4
  1424 | D:3      | Noticed Ijyb
  1437 | D:3      | Killed Ijyb
  1932 | D:3      | Gained mutation: You are mostly covered in yellow scales. (AC +3) [demonic ancestry]
  1932 | D:3      | Reached XP level 5. HP: 40/40 MP: 5/5
  2152 | D:3      | Reached skill level 4 in Unarmed Combat
  2726 | D:4      | Reached XP level 6. HP: 40/47 MP: 6/6
  2731 | D:4      | Found a staircase to the Ecumenical Temple.
  2749 | Temple   | Entered the Ecumenical Temple
  2873 | Temple   | Became a worshipper of Gozag Ym Sagoz the Greedy
  2938 | D:4      | Found a snail-covered altar of Cheibriados.
  3361 | D:5      | Entered Level 5 of the Dungeon
  3395 | D:5      | Noticed a sky beast
  3447 | D:5      | Killed a sky beast
  3579 | D:5      | Found a stormy altar of Qazlal.
  3579 | D:5      | Found a sacrificial altar of Ru.
  3767 | D:5      | HP: 2/48 [centaur (6)]
  3773 | D:5      | Reached skill level 5 in Unarmed Combat
  3773 | D:5      | Gained mutation: You have large cloven feet. [demonic ancestry]
  3773 | D:5      | Reached XP level 7. HP: 3/53 MP: 0/7
  4146 | D:5      | Found a basalt altar of Yredelemnul.
  4402 | D:5      | Found a deep blue altar of Sif Muna.
  4547 | D:5      | Found a white marble altar of Elyvilon.
  4688 | D:6      | Noticed a wyvern
  4693 | D:6      | Noticed Blork the orc
  4749 | D:5      | Gained mutation: You are occasionally teleported next to monsters. [potion of mutation]
  4749 | D:5      | Gained mutation: Armour fits poorly on your strangely shaped body. [potion of mutation]
  4749 | D:5      | Gained mutation: Your body sometimes deteriorates upon taking damage. [potion of mutation]
  4749 | D:5      | Gained mutation: Your spells are a little harder to cast, but a little more powerful. [potion of mutation]
  4750 | D:5      | Lost mutation: Armour fits poorly on your strangely shaped body. [potion of mutation]
  4750 | D:5      | Lost mutation: Your body sometimes deteriorates upon taking damage. [potion of mutation]
  4750 | D:5      | Lost mutation: Your spells are a little harder to cast, but a little more powerful. [potion of mutation]
  4750 | D:5      | Gained mutation: You have hoof-like feet. [potion of mutation]
  4750 | D:5      | Gained mutation: Your muscles are strong. (Str +2) [potion of mutation]
  4750 | D:5      | Gained mutation: You are resistant to hostile enchantments. (MR+) [potion of mutation]
  4750 | D:5      | Slain by a wyvern

Skill      XL: |  1  2  3  4  5  6  7 |
---------------+----------------------+-----
Unarmed Combat | 3 4 5 |  5.4
Dodging        | 3 4 |  4.2
Armour         | 1 2 3 |  3.0
Fighting       | 3 4 |  4.0
Throwing       | |  1.7

Action                   |  1- 3 |  4- 6 |  7- 9 || total
-------------------------+-------+-------+-------++-------
Melee: Unarmed           |   183 |   271 |    26 ||   480
       Punch             |     3 |     3 |     1 ||     7
       Kick              |       |       |    10 ||    10
Throw: Throwing net      |       |     2 |       ||     2
  Use: Potion            |       |       |     2 ||     2
 Stab: Sleeping          |     1 |     3 |       ||     4
       Distracted        |       |     2 |     1 ||     3
       Held in net/web   |       |     2 |       ||     2
  Eat: Chunk             |       |     6 |       ||     6
       Ration            |       |     1 |     1 ||     2
Armor: Leather armour    |    22 |       |       ||    22
       Robe              |    71 |    60 |    15 ||   146
Dodge: Dodged            |   176 |   143 |    27 ||   346
